 Dungeon Crawl Stone Soup version 0.23.1 (webtiles) character file.

Game seed: 6421310447199319839

33 PentaManta the Cutter (level 3, 0/26 HPs)
             Began as a Halfling Abyssal Knight on Mar 13, 2019.
             Was a Follower of Lugonu.
             Succumbed to an adder's poison
             ... on level 2 of the Dungeon.
             The game lasted 00:02:51 (1454 turns).

PentaManta the Cutter (Halfling Abyssal Knight)     Turns: 1454, Time: 00:02:52

Health: 0/26       AC:  3    Str: 14    XL:     3   Next: 47%
Magic:  4/4        EV: 13    Int: 10    God:    Lugonu [*.....]
Gold:   20         SH:  0    Dex: 13    Spells: 2/2 levels left

rFire    + + .     SeeInvis .   a - +1 short sword
rCold    + . .     Gourm    .   (shield restricted)
rNeg     . . .     Faith    .   b - +0 leather armour
rPois    +         Spirit   .   (helmet restricted)
rElec    +         Reflect  .   (no cloak)
rCorr    +         Harm     .   (no gloves)
MR       .....                  (no boots)
Stlth    ++........             (no amulet)
HPRegen  0.08/turn              e - ring of protection from fire
MPRegen  0.09/turn              (no ring)

@: lethally poisoned (0 -> -9), resistant, very slightly contaminated
A: small, horns 1, mutation resistance 1
a: Depart the Abyss, Renounce Religion


You were on level 2 of the Dungeon.
You worshipped Lugonu.
Lugonu was aware of your devotion.
You were hungry.

You visited 1 branch of the dungeon, and saw 2 of its levels.
You visited the Abyss 1 time.

You collected 20 gold pieces.

Inventory:

Hand Weapons
 a - a +1 short sword (weapon)
Missiles
 g - 93 stones (quivered)
Armour
 b - a +0 leather armour (worn)
Jewellery
 e - a ring of protection from fire (left hand)
Scrolls
 j - 2 scrolls of remove curse
Comestibles
 c - 2 rations


   Skills:
 + Level 3.0 Fighting
 * Level 3.5 Short Blades
 - Level 2.1 Armour
 - Level 1.1 Dodging
 + Level 1.4 Stealth
 - Level 2.0 Invocations


You had 2 spell levels left.
You didn't know any spells.
Your spell library was empty.

Dungeon Overview and Level Annotations

Branches:
Dungeon (2/15)

Altars:


Innate Abilities, Weirdness & Mutations

You are small and have problems with some larger weapons.
You are somewhat resistant to further mutation.
You have a pair of small horns on your head.


Message History

You feel protected.
* * * LOW HITPOINT WARNING * * *
You feel sick.
Put on which piece of jewellery? (? for menu, Esc to quit)
e - a ring of protection from fire (left hand)
As you read the scroll labeled WYARPHAIFRA, it crumbles to dust.
You assume a fearsome visage.
Nothing appears to happen.
It was a scroll of fear.
* * * LOW HITPOINT WARNING * * *
You feel sick.
Blink to where?
Press: ? - help, Dir - move target cursor You are very lightly contaminated with residual magic.
As you read the scroll labeled TIETOU FYWKAIC, it crumbles to dust.
It was a scroll of blinking.
* * * LOW HITPOINT WARNING * * *
You feel sick.
As you read the scroll labeled MAVIDI BAQOSTRO, it crumbles to dust.
You feel blessed for a moment.
It was a scroll of remove curse.
You die...

######## #...÷..#
.#####.####.# #......#
#.# ### ##.##..## #.#
#.. ##.....# #.# #.#
#.#♣♣P.♣##.####.# #.
♣♣....##...##[# .
♣...P♣####.##@#
♣♣..P♣####.##§#####.
♣♣♣♣.P♣♣..............#
♣...♣♣♣#####.##.#####..
♣†.♣♣ #.#..# ♣.♣♣
#.#.## #.# ..#. #.#
###. #.# #.


There were no monsters in sight!

Vanquished Creatures
  An adder (D:2)
  A worm (D:2)
  A dart slug (D:1)
  3 bats (D:1)
  2 giant cockroaches
  4 goblins (D:1)
  3 hobgoblins (D:1)
  A kobold (D:2)
  2 rats
18 creatures vanquished.

Notes
Turn   | Place    | Note
-------+----------+-------------------------------------------
     0 | Abyss:1  | PentaManta the Halfling Abyssal Knight began the quest for
                  | the Orb.
     0 | Abyss:1  | Reached XP level 1. HP: 15/15 MP: 2/2
    54 | Abyss:1  | Noticed a smoke demon
    56 | D:1      | Escaped the Abyss
   229 | D:1      | Reached XP level 2. HP: 19/20 MP: 3/3
   240 | D:1      | Reached * piety under Lugonu
   393 | D:1      | Reached skill level 1 in Stealth
  1124 | D:2      | Reached XP level 3. HP: 7/26 MP: 4/4
  1449 | D:2      | Gained mutation: You have a pair of small horns on your
                  | head. [potion of mutation]
  1453 | D:2      | HP: 1/26 [poisoned by an adder]
  1454 | D:2      | Succumbed to an adder's poison

Skill      XL: |  1  2 |
---------------+-------+-----
Short Blades   | 3 |  3.5
Stealth        | 1 |  1.4
Fighting       | 3 |  3.0
Armour         | |  2.1
Dodging        | |  1.1
Invocations    | |  2.0

Action                   || total
-------------------------++-------
Melee: Short sword       ||    84
Throw: Stone             ||    20
Invok: Depart the Abyss  ||     1
  Use: Scroll            ||     3
       Potion            ||     2
  Eat: Chunk             ||     1
Armor: Leather armour    ||    13
Dodge: Dodged            ||    41
